 Dungeon Crawl Stone Soup version 0.30-a0-475-g03497ec522 (webtiles) character file.

Game seed: 12065734306134229879

590 tilp the Shield-Bearer (level 7, -9/60 HPs)
             Began as a Meteoran Fighter on Dec 20, 2022.
             Mangled by an ogre
             ... wielding a +0 giant club
              (23 damage)
             ... on level 4 of the Dungeon.
             The game lasted 00:07:51 (1162 turns).

tilp the Shield-Bearer (Meteoran Fighter)           Turns: 1162, Time: 00:07:52

Health: -9/60      AC: 12    Str: 17    XL:     7   Next: 99%
Magic:  8/8        EV:  7    Int: 10    God:
Gold:   131        SH:  6    Dex: 22    Spells: 6/6 levels left

rFire   . . .      SeeInvis .    a - +1 long sword
rCold   . . .      Faith    .    c - +0 buckler
rNeg    . . .      Spirit   .    e - +0 plate armour
rPois   .          Reflect  .    (no helmet)
rElec   .          Harm     .    (no cloak)
rCorr   .          Rampage  .    (no gloves)
Will    .....                    (no boots)
Stlth   ..........               (no amulet)
HPRegen 0.30/turn                g - +6 ring of dexterity
MPRegen 0.11/turn                (no ring)

@: glowing
A: sense surroundings 1, otherworldly, glowing, explore regen
a: no special abilities


You were on level 4 of the Dungeon.
You visited 1 branch of the dungeon, and saw 6 of its levels.

You collected 167 gold pieces.
You spent 36 gold pieces at shops.

Inventory:

Hand Weapons
 a - a +1 long sword (weapon)
Armour
 b - a +0 scale mail
 c - a +0 buckler (worn)
 e - a +0 plate armour (worn)
 i - an orb of mayhem
Jewellery
 f - a ring of flight
 g - a +6 ring of dexterity (left hand)
Wands
 n - a wand of quicksilver (14)
Scrolls
 l - a scroll of teleportation
 m - a scroll of identify
Potions
 d - a potion of might
 h - a potion of curing
 j - 2 potions of brilliance
 k - a potion of flight
 o - a potion of haste {unknown}


   Skills:
 + Level 4.4 Fighting
 + Level 4.5 Long Blades
 + Level 4.5 Armour
 + Level 4.4 Dodging
 + Level 2.4 Stealth
 + Level 4.6 Shields
 + Level 1.8 Evocations


You had 6 spell levels left.
You didn't know any spells.
Your spell library contained the following spells:

 Spells                   Type           Power      Damage    Failure   Level
 Foxfire                  Conj/Fire      0%         2x1d4     100%        1
 Fireball                 Conj/Fire      0%         3d3       100%        5
 Starburst                Conj/Fire      0%         6d3       100%        6


Dungeon Overview and Level Annotations

Branches:
Dungeon (6/15) Zot: 2378
 Temple: D:4-7

Altars:
Elyvilon
Fedhas
Makhleb
Uskayaw

Shops:
D:1 !


Innate Abilities, Weirdness & Mutations

You passively map a small area around you.
You are easily found by Zot.
You glow in the dark.
You regain HP and MP as you explore.


Message History

There is a stone staircase leading down here.
There is a stone staircase leading up here.
You climb upwards.
There is a stone staircase leading down here.
Unknown command.
m - a scroll of identify
Found an escape hatch in the ceiling.
There is an escape hatch in the ceiling here.
There is a stone staircase leading down here.
There is an open door here.
An ogre comes into view. It is wielding a +0 giant club.
The ogre shouts!
Nothing quivered!
Unknown command.
Unknown command.
You slash the ogre!
The ogre is moderately wounded.
The ogre barely misses you.
You hit the ogre.
The ogre is heavily wounded.
The ogre hits you with a +0 giant club!
You hit the ogre but do no damage.
The ogre is heavily wounded.
The ogre hits you with a +0 giant club!
You hit the ogre.
The ogre is severely wounded.
The ogre barely misses you.
You closely miss the ogre.
The ogre is severely wounded.
You hit the ogre.
The ogre is severely wounded.
The ogre hits you with a +0 giant club!
You completely miss the ogre.
The ogre is severely wounded.
The ogre hits you with a +0 giant club!
* * * LOW HITPOINT WARNING * * *
You hit the ogre.
The ogre is almost dead.
The ogre hits you with a +0 giant club!!
You die...

###># #..♣♣ ♣.., ..#
#... #.[.# #..♣*♣.PP
** ##.# #..[ #...#
#..♣P..P #.# ####
#...# #..P..♣* ### *
#...###..P.♣♣ ,. ,,
#........♣.♣ ##.. ,
#.......##.######.....
,
#.......##............
,
#.......##....@O......
*
#.[.....##............
#.......'..♣..........
,* *
#.......#.P♣..........
#.......#.P♣P.........
,* *
#>.........♣PP........
#........♣♣.....#.....
#........♣♣♣P..####...
#.......♣♣ ♣P.## , ,


You could see an ogre.

Vanquished Creatures
  An ogre (D:4)
  A centaur (D:5)
  2 scorpions (D:4)
  A jelly (D:5)
  2 hounds (D:4)
  An iguana (D:4)
  Natasha (thrice) (D:3 D:4)
  An orc wizard (D:4)
  3 gnolls (D:2)
  2 adders (D:4)
  2 dart slugs
  6 orcs
  4 ball pythons
  2 bats (D:1)
  2 endoplasms (D:1)
  4 giant cockroaches
  5 goblins
  3 hobgoblins
  6 kobolds
  3 quokkas
  A frilled lizard (D:1)
  8 rats
63 creatures vanquished.

Vanquished Creatures (others)
  2 plants (D:4)
2 creatures vanquished.

Grand Total: 65 creatures vanquished

Notes
Turn   | Place    | Note
-------+----------+-------------------------------------------
     0 | D:1      | tilp the Meteoran Fighter began the quest for the Orb.
     0 | D:1      | Reached XP level 1. HP: 19/19 MP: 2/2
    56 | D:1      | Reached XP level 2. HP: 26/26 MP: 3/3
    91 | D:1      | Reached skill level 1 in Dodging
   154 | D:1      | Found Xooluywa's Distillery.
   163 | D:1      | Reached XP level 3. HP: 15/31 MP: 4/4
   176 | D:1      | Bought a potion of curing for 36 gold pieces
   305 | D:2      | Reached XP level 4. HP: 21/38 MP: 5/5
   400 | D:3      | Found a white marble altar of Elyvilon.
   454 | D:3      | Found a burning altar of Makhleb.
   456 | D:3      | Reached skill level 1 in Stealth
   491 | D:2      | Noticed Natasha
   498 | D:3      | Killed Natasha
   499 | D:3      | Reached XP level 5. HP: 24/46 MP: 6/6
   568 | D:3      | Found a hide-covered altar of Uskayaw.
   724 | D:3      | Noticed Natasha
   735 | D:4      | Killed Natasha
   750 | D:4      | Noticed Natasha
   751 | D:4      | Found a blossoming altar of Fedhas.
   760 | D:4      | Killed Natasha
   761 | D:4      | Reached XP level 6. HP: 41/52 MP: 7/7
   906 | D:5      | Entered Level 5 of the Dungeon
   906 | D:5      | Noticed a centaur
   914 | D:5      | Killed a centaur
   915 | D:5      | Reached XP level 7. HP: 55/59 MP: 8/8
   918 | D:5      | Reached skill level 1 in Evocations
  1162 | D:4      | Mangled by an ogre

Illustrated notes

Levels and vault maps discovered:
D:1:      enne_arrival_octagon_isle, layout_rooms, serial_shops,
          nicolae_shop_trees, nicolae_lakefront_shop, minmay_rat_gold_closets
D:2:      layout_rooms, glass_columns_c, minmay_tetromino_l2, uniq_natasha
D:3:      layout_basic, mainiacjoe_overflow_catwalk, makhleb_altar_promises_db,
          lemuel_crystal_altar, kennysheep_pointless_box, serial_park_tiny_2,
          kennysheep_big_empty_room, minmay_distorted
D:4:      wander_river, layout_basic, fedhas_ov_isle_minmay, serial_forest,
          infiniplex_forest_clump_diagonal, infiniplex_forest_straight_3,
          infiniplex_forest_lined_room_, infiniplex_forest_corner_2,
          infiniplex_forest_lined_4_way, infiniplex_forest_clump_long,
          infiniplex_forest_lined_room_2
D:5:      layout_rooms, mainiacjoe_overflow_brackets,
          nicolae_figureground_sparkle
D:6:      hangedman_cross_stitches, layout_loops_ring,
          mainiacjoe_overflow_alcove_2, led_xom_imps, zin_statuary,
          minmay_temple_entry_nine_rooms, guppyfry_early_elven_hall

Skill      XL: |  1  2  3  4  5  6  7 |
---------------+----------------------+-----
Dodging        | 1 2 3 4 |  4.4
Armour         | 4 |  4.5
Shields        | 4 |  4.6
Stealth        | 1 2 |  2.4
Long Blades    | 3 4 |  4.5
Fighting       | 4 |  4.4
Evocations     | 1 |  1.8

Action                   |  1- 3 |  4- 6 |  7- 9 || total
-------------------------+-------+-------+-------++-------
Melee: Long sword        |    54 |    88 |    52 ||   194
  Use: Scroll            |       |     7 |       ||     7
Armor: Scale mail        |    21 |     1 |       ||    22
       Plate armour      |       |    40 |    28 ||    68
Dodge: Dodged            |    21 |    24 |    14 ||    59
Block: Buckler           |    13 |    26 |    15 ||    54

Table legend: (Time is in decaauts)
 A = Elapsed time spent in this place.
 B = Non-inter-level travel time spent in this place.
 C = Inter-level travel time spent in this place.
 D = Time resting spent in this place.
 E = Time spent auto-exploring this place.
 F = Levels seen in this place.
 G = Mean time per level.
                   A        B        C        D        E       F      G
               +--------+--------+--------+--------+--------+-----+--------+
         Total |   1220 |   1107 |    113 |      0 |      0 |   6 |  203.3 |
       Dungeon |   1220 |   1107 |    113 |      0 |      0 |   6 |  203.3 |
               +--------+--------+--------+--------+--------+-----+--------+

Top non-repeatable levels by time:
     D:4: 480 daAuts
     D:1: 291 daAuts
     D:3: 242 daAuts
     D:2: 168 daAuts
     D:5: 32 daAuts
     D:6: 4 daAuts
